 Dungeon Crawl Stone Soup version 0.31-a0-698-g4a7cf283bb (webtiles) character file.

Game seed: 9975007965591106467

923 qw the Skirmisher (level 8, -7/49 HPs)
             Began as a Gargoyle Hunter on Sept 7, 2023.
             Killed from afar by an orc wizard (8 damage)
             ... with a magic dart
             ... on level 5 of the Dungeon.
             The game lasted 00:01:11 (3935 turns).

qw the Skirmisher (Gargoyle Hunter)                 Turns: 3935, Time: 00:01:12

Health: -7/49      AC: 11    Str: 22    XL:     8   Next: 10%
Magic:  8/8        EV: 12    Int:  9    God:
Gold:   129        SH:  0    Dex: 15    Spells: 7/7 levels left

rFire   . . .        d - +2 arbalest (heavy)
rCold   . . .        (shield currently unavailable)
rNeg    + . .        h - +2 robe {Will+}
rPois   inf          m - +0 helmet
rElec   +            (no cloak)
rCorr   .            l - +0 pair of gloves
SInv    .            (no boots)
Will    +....        (no amulet)
Stlth   ++           n - +6 ring of strength
HPRegen 0.28/turn    (no ring)
MPRegen 0.11/turn

%: no passive effects
@: no status effects
A: sickness immunity, AC +5, negative energy resistance 1, electricity
resistance, torment resistance 1, petrification resistance
a: no special abilities


You were on level 5 of the Dungeon.
You visited 1 branch of the dungeon, and saw 5 of its levels.

You collected 266 gold pieces.
You spent 137 gold pieces at shops.


Innate Abilities, Weirdness & Mutations

You are immune to sickness and miasma.
Your stone body is resilient. (AC +5)
You are immune to poison.
You resist negative energy. (rN+)
You are resistant to electric shocks. (rElec)
You are resistant to unholy torment.
You are immune to petrification.


   Skills:
 - Level 5.0 Fighting
 + Level 8.5 Ranged Weapons
 - Level 1.0 Armour
 - Level 2.4 Dodging
 - Level 1.1 Stealth


You had 7 spell levels left.
You didn't know any spells.
Your spell library was empty.

Inventory:

Hand Weapons
 d - a +2 heavy arbalest (weapon)
Armour
 h - a +2 robe of willpower (worn)
 l - a +0 pair of gloves (worn)
 m - a +0 helmet (worn)
Jewellery
 c - a ring of flight
 n - a +6 ring of strength (left hand)
Scrolls
 b - a scroll of identify
 e - a scroll of teleportation
Potions
 a - a potion of mutation
 f - a potion of curing
 g - a potion of enlightenment
 i - a potion of might {unknown}
 j - a potion of ambrosia {unknown}
 k - a potion of haste {unknown}

Dungeon Overview and Level Annotations

Branches:
Dungeon (5/15)
 Temple: D:4-7

Altars:
Cheibriados
Hepliaklqana
Makhleb
Uskayaw
Vehumet

Shops:
D:2 *


Message History

You shoot a bolt. The bolt hits the orc wizard!!
You kill the orc wizard!
The iguana closely misses you.
The iguana bites you but does no damage.
Something hits you.
You shoot a bolt. The bolt barely misses the iguana.
You hear some strange, mumbled words.
A magic dart appears from out of thin air!
The magic dart hits you. The iguana bites you. The iguana barely misses you.
Something hits you but does no damage.
You shoot a bolt. The bolt closely misses the iguana.
You hear some strange, mumbled words.
A magic dart appears from out of thin air!
The magic dart hits you but does no damage.
The iguana bites you! x2; Something hits you but does no damage.
The iguana completely misses you. Something hits you but does no damage.
You shoot a bolt. The bolt hits the iguana.
The iguana is lightly wounded.
Something hits you but does no damage. The iguana closely misses you.
The iguana bites you!
You hear some strange, mumbled words.
A magic dart appears from out of thin air!
The magic dart hits you but does no damage.
You shoot a bolt. The bolt hits the iguana!!
You kill the iguana!
You hear some strange, mumbled words.
A puff of flame appears from out of thin air!
The puff of flame misses you.
You hear some strange, mumbled words.
A puff of flame appears from out of thin air!
The puff of flame hits you.
You shoot a bolt.
You hear some strange, mumbled words.
A puff of flame appears from out of thin air!
The puff of flame hits you. Something hits you.
You shoot a bolt.
You hear some strange, mumbled words.
A magic dart appears from out of thin air!
The magic dart hits you!
You die...

#..## ##..# #...#
##..## #..)# .
#....# #...# .##
##....## #...##...
#......# #.......#
##......## #.....#
#........# #%{.#
##........## ##@.#
#....%.....###..##
#..........##.###
##.......#....##
#........#.|.##
#....>...#..##
#...........#
##.........##
...#.......#


There were no monsters in sight!

Vanquished Creatures
  Sigmund (D:5)
  Eustachio (D:5)
  A black bear (D:5)
  A phantom (D:5)
  A kobold brigand (D:4)
  A scorpion (D:5)
  A howler monkey (D:4)
  2 hounds (D:5)
  A sleepcap (D:5)
  An iguana (D:5)
  An orc wizard (D:5)
  Robin (D:2)
  5 adders
  2 white imps
  2 worms
  A dart slug (D:5)
  2 orcs
  7 endoplasms
  A giant cockroach (D:1)
  13 goblins
  11 hobgoblins
  6 jackals
  4 kobolds (D:1)
  4 quokkas
  7 ball pythons
  5 bats
  4 rats
87 creatures vanquished.

Notes
Turn   | Place    | Note
-------+----------+-------------------------------------------
     0 | D:1      | qw the Gargoyle Hunter began the quest for the Orb.
     0 | D:1      | Reached XP level 1. HP: 12/12 MP: 1/1
     0 | D:1      | 0 ||| qw: Version: 0.3-a-76-g4403597
     0 | D:1      | 0 ||| qw: Game counter: 368
     0 | D:1      | 0 ||| qw: Melee chars always use a shield: true
     0 | D:1      | 0 ||| qw: God list: Okawaru
     0 | D:1      | 0 ||| qw: Allow faded altars: false
     0 | D:1      | 0 ||| qw: Do Orc after clearing Dungeon:15 true
     0 | D:1      | 0 ||| qw: Do second Lair branch before Depths: true
     0 | D:1      | 0 ||| qw: Lair rune preference: random
     0 | D:1      | 0 ||| qw: Goals: Normal
     0 | D:1      | 0 ||| PLANNING D:1-11
   120 | D:1      | Reached XP level 2. HP: 11/17 MP: 2/2
   296 | D:1      | 296 ||| READING scroll labelled PEMEMI HIUZAO.
   297 | D:1      | 297 ||| READING scroll labelled KURCHYFAVENG.
   371 | D:1      | 371 ||| READING scroll labelled CEKE PUCUNT.
   713 | D:1      | Reached XP level 3. HP: 21/21 MP: 3/3
   875 | D:1      | 875 ||| READING scroll labelled HUANUO YFOPSU.
   875 | D:1      | Identified a scroll of acquirement
   875 | D:1      | 875 ||| ACQUIRING +2 heavy arbalest
   875 | D:1      | Acquired a +2 heavy arbalest
   877 | D:1      | 877 ||| SWAPPING to +2 heavy arbalest.
   878 | D:1      | 878 ||| DROPPING +0 shortbow.
   879 | D:1      | 879 ||| READING scroll labelled UKHAUKHL ZYVO.
   880 | D:1      | 880 ||| DROPPING scroll of butterflies.
   919 | D:2      | Reached skill level 5 in Ranged Weapons
  1093 | D:2      | Found Guniluty's Assorted Antiques.
  1101 | D:2      | 1101 ||| BUYING 2 yellow potions (45 gold).
  1101 | D:2      | Bought 2 yellow potions for 45 gold pieces
  1101 | D:2      | 1101 ||| BUYING embroidered robe (92 gold).
  1101 | D:2      | Bought an embroidered robe for 92 gold pieces
  1101 | D:2      | 1101 ||| SHOPLISTING scroll labelled LUINED UNEIX (25 gold,
                  | have 17).
  1101 | D:2      | 1101 ||| SHOPLISTING scroll labelled SOOBLU UGINKE (25
                  | gold, have 17).
  1182 | D:2      | Reached skill level 3 in Fighting
  1202 | D:2      | Reached XP level 4. HP: 28/28 MP: 4/4
  1465 | D:2      | Found a faded altar of an unknown god.
  1563 | D:2      | Noticed Robin
  1568 | D:2      | Killed Robin
  1876 | D:2      | 1876 ||| UPGRADING to +2 robe of willpower.
  1886 | D:2      | 1886 ||| DROPPING +0 leather armour.
  1887 | D:2      | 1887 ||| UPGRADING to +0 pair of gloves.
  1892 | D:2      | 1892 ||| UPGRADING to +0 helmet.
  1897 | D:2      | 1897 ||| READING scroll labelled ZYNUF LOENA.
  1898 | D:2      | 1898 ||| READING scroll labelled XYMAOF IMEACK.
  1899 | D:2      | 1899 ||| READING 4 scrolls labelled SOOBLU UGINKE.
  1900 | D:2      | 1900 ||| DRINKING 2 yellow potions.
  1901 | D:2      | 1901 ||| READING 3 scrolls of identify.
  1901 | D:2      | 1901 ||| IDENTIFYING red potion
  1902 | D:2      | 1902 ||| READING 2 scrolls of identify.
  1902 | D:2      | 1902 ||| IDENTIFYING sedimented cyan potion
  1903 | D:2      | 1903 ||| DROPPING potion of lignification.
  2094 | D:3      | Found a radiant altar of Vehumet.
  2270 | D:3      | Found a burning altar of Makhleb.
  2555 | D:3      | Found a snail-covered altar of Cheibriados.
  2704 | D:3      | Reached XP level 5. HP: 32/32 MP: 5/5
  2739 | D:3      | 2739 ||| READING scroll labelled LUINED UNEIX.
  2740 | D:3      | 2740 ||| READING scroll labelled LUASCH YTHEXT.
  2741 | D:3      | 2741 ||| READING scroll labelled YNO ILESISI.
  2813 | D:4      | Noticed a kobold brigand
  2817 | D:4      | Killed a kobold brigand
  2818 | D:4      | Reached skill level 6 in Ranged Weapons
  2953 | D:4      | Found a hazy altar of Hepliaklqana.
  3011 | D:4      | Reached skill level 1 in Armour
  3073 | D:4      | Reached XP level 6. HP: 37/37 MP: 6/6
  3186 | D:4      | Found a hide-covered altar of Uskayaw.
  3413 | D:4      | 3413 ||| UPGRADING to +6 ring of strength.
  3414 | D:4      | 3414 ||| READING scroll labelled DALLIF TASSI.
  3415 | D:4      | 3415 ||| READING 2 scrolls labelled QEUSOL ORUXEZ.
  3416 | D:4      | 3416 ||| READING 2 scrolls of identify.
  3416 | D:4      | 3416 ||| IDENTIFYING viscous coppery potion
  3417 | D:4      | 3417 ||| DROPPING scroll of noise.
  3447 | D:5      | Entered Level 5 of the Dungeon
  3521 | D:5      | Noticed Eustachio
  3527 | D:5      | 3527 ||| RETREATING.
  3537 | D:5      | 3537 ||| Stepping ~*~*~tactically~*~*~ (retreating).
  3538 | D:5      | 3538 ||| Stepping ~*~*~tactically~*~*~ (retreating).
  3539 | D:5      | 3539 ||| Stepping ~*~*~tactically~*~*~ (retreating).
  3540 | D:5      | 3540 ||| Stepping ~*~*~tactically~*~*~ (retreating).
  3541 | D:5      | 3541 ||| Stepping ~*~*~tactically~*~*~ (retreating).
  3542 | D:5      | 3542 ||| Stepping ~*~*~tactically~*~*~ (retreating).
  3543 | D:5      | 3543 ||| Stepping ~*~*~tactically~*~*~ (retreating).
  3544 | D:5      | 3544 ||| Stepping ~*~*~tactically~*~*~ (retreating).
  3545 | D:5      | 3545 ||| Stepping ~*~*~tactically~*~*~ (retreating).
  3548 | D:5      | 3548 ||| Stepping ~*~*~tactically~*~*~ (retreating).
  3549 | D:5      | 3549 ||| Stepping ~*~*~tactically~*~*~ (retreating).
  3550 | D:5      | 3550 ||| Stepping ~*~*~tactically~*~*~ (retreating).
  3551 | D:5      | 3551 ||| Stepping ~*~*~tactically~*~*~ (retreating).
  3552 | D:5      | 3552 ||| Stepping ~*~*~tactically~*~*~ (retreating).
  3553 | D:5      | 3553 ||| Stepping ~*~*~tactically~*~*~ (retreating).
  3554 | D:5      | 3554 ||| Stepping ~*~*~tactically~*~*~ (retreating).
  3555 | D:5      | Killed Eustachio
  3631 | D:5      | Noticed a black bear
  3634 | D:5      | Killed a black bear
  3635 | D:5      | Reached skill level 7 in Ranged Weapons
  3635 | D:5      | Reached XP level 7. HP: 44/44 MP: 7/7
  3647 | D:5      | Identified the +0 chain mail "Deocwape" {Rampage Regen+}
  3777 | D:5      | Noticed Sigmund
  3780 | D:5      | Killed Sigmund
  3781 | D:5      | Reached skill level 8 in Ranged Weapons
  3781 | D:5      | Reached XP level 8. HP: 49/49 MP: 8/8
  3933 | D:5      | HP: 8/49 [something/puff of flame (5)]
  3934 | D:5      | HP: 3/49 [something/puff of flame (6)]
  3934 | D:5      | HP: 1/49 [something (2)]
  3935 | D:5      | Killed from afar by an orc wizard

Levels and vault maps discovered:
D:1:      beargit_arrival_greenhouse, layout_loops_corners
D:2:      layout_basic, serial_shops, shop,
          shapermc_ecumenical_altar_mp_urbaneastern,
          nicolae_concentric_dashed_squares_wild, uniq_robin
D:3:      layout_loops_corners, mainiacjoe_overflow_alcove_2,
          mainiacjoe_overflow_surrounded_room,
          mainiacjoe_overflow_concentric_impassable
D:4:      layout_basic, lemuel_coloured_pillars_altar, lemuel_doored_altar,
          hangedman_decor_diamond_cutter
D:5:      layout_cave_pods, fedhas_altar_3, uniq_eustachio, uniq_duvessa,
          uniq_sigmund

Skill      XL: |  1  2  3  4  5  6  7 |
---------------+----------------------+-----
Ranged Weapons | 5 6 7 8 |  8.5
Fighting       | 3 5 |  5.0
Armour         | 1 |  1.0
Dodging        | 2 |  2.4
Stealth        | |  1.1

Action                     |  1- 3 |  4- 6 |  7- 9 || total
---------------------------+-------+-------+-------++-------
   Fire: Shortbow          |    55 |       |       ||    55
         Arbalest          |    19 |    71 |    30 ||   120
    Use: Scroll            |     5 |    11 |       ||    16
         Potion            |       |     1 |       ||     1
 Armour: Leather armour    |    18 |     7 |       ||    25
         Robe              |       |    36 |    24 ||    60
  Dodge: Dodged            |    10 |    40 |     8 ||    58

Table legend:
 A = Non-vault XP
 B = Vault XP
 C = Vault XP percentage of total XP
 D = Non-vault monster count
 E = Vault monster count
 F = Vault count percentage of total count
                 A         B        C        D         E       F
            +---------+---------+-------+---------+---------+-------
      Total |     868 |     451 |  34.2 |      77 |      10 |  11.5
            +---------+---------+-------+---------+---------+-------
        D:1 |      36 |       0 |   0.0 |      22 |       0 |   0.0
        D:2 |      58 |      29 |  33.3 |      19 |       8 |  29.6
        D:3 |      45 |       0 |   0.0 |      10 |       0 |   0.0
        D:4 |     188 |       0 |   0.0 |      14 |       0 |   0.0
        D:5 |     541 |     422 |  43.8 |      12 |       2 |  14.3
            +---------+---------+-------+---------+---------+-------
